AoeStats
← Get Rich @ Hex.com

Arabia

509678840Analyzed
2v2 RM · 5d ago on Sep 27, 2026· 42m 28s· 4 players
Game mode
Random Map
Map size
Medium (4 player)
Population
200
Speed
Normal
Resources
Standard
Victory
Conquest
Starting age
Dark Age
Ending age
Imperial Age
RankedLock teamsTeams togetherTeam positionsShared explorationLock speedFull tech treeHidden civsTurbo modeCheats
Victory
Defeat
🇹🇼 Jurchens · Taiwan
981
+15
🇹🇼 Khmer · Taiwan
955
+15
🇺🇸 Bohemians · United States
951
-15
🇺🇸 Aztecs · United States
951
-15
Get Rich @ Hex.com
4:04 Loom
13:19 Feudal Age
15:58 Double-Bit Axe
15:54 Horse Collar
21:35 Castle Age
20:49 Scale Mail Armor
21:36 Padded Archer Armor
23:16 Pikeman
25:07 Bow Saw
27:50 Chemistry
27:07 Squires
27:25 Chain Mail Armor
30:51 Sanctity
33:45 Wheelbarrow
33:27 Town Watch
38:05 Elite Skirmisher
41:53 Imperial Age
Blondie
3:36 Loom
12:22 Feudal Age
16:27 Castle Age
14:16 Double-Bit Axe
15:41 Horse Collar
16:31 Pikeman
27:53 Elite Skirmisher
29:04 Scale Mail Armor
28:59 Fletching
38:57 Forging
40:34 Wheelbarrow
40:28 Atlatl
41:43 Forging
ss
5:43 Loom
9:37 Feudal Age
10:19 Double-Bit Axe
17:48 Scale Barding Armor
21:28 Castle Age
19:25 Horse Collar
20:33 Forging
20:35 Bloodlines
24:41 Heavy Plow
27:26 Bow Saw
30:03 Chain Barding Armor
30:59 Wheelbarrow
33:57 Ballistics
34:34 Iron Casting
34:22 Husbandry
36:56 Imperial Age
34:47 Hand Cart
37:56 Elite Steppe Lancer
39:52 Plate Barding Armor
hauson.5168
12:51 Feudal Age
13:30 Double-Bit Axe
13:33 Horse Collar
16:49 Castle Age
16:19 Gold Mining
41:28 Imperial Age
39:13 Light Cavalry
40:03 Husbandry
40:16 Bloodlines
42:14 Hussar
Connection lost

Rejoining the realm…

Still unreachable

The connection could not be restored.

Session expired

The server has moved on; the page needs a fresh start.